 Dungeon Crawl Stone Soup version 0.28.0-53-g5a82cb258f (webtiles) character file.

Game seed: 5265661960953190077

389 ZappyNine the Skirmisher (level 6, 0/56 HPs)
             Began as a Draconian Fighter on May 27, 2022.
             Was a Follower of Sif Muna.
             Succumbed to a kobold brigand's curare-tipped dart
             ... on level 3 of the Dungeon on May 28, 2022.
             The game lasted 00:05:04 (3169 turns).

ZappyNine the Skirmisher (Draconian Fighter)        Turns: 3169, Time: 00:05:04

Health: 0/56       AC:  6    Str: 19    XL:     6   Next: 50%
Magic:  9/9        EV: 12    Int: 10    God:    Sif Muna [*.....]
Gold:   36         SH:  4    Dex: 10    Spells: 10/10 levels left

rFire   . . .      SeeInvis .   h - +3 short sword (vamp)
rCold   . . .      Faith    .   b - +0 buckler
rNeg    . . .      Spirit   .   (armour unavailable)
rPois   .          Reflect  .   (helmet restricted)
rElec   .          Harm     .   (no cloak)
rCorr   .          Rampage  .   (no gloves)
Will    .....                   (no boots)
Stlth   +.........              (no amulet)
HPRegen 0.18/turn               (no ring)
MPRegen 0.11/turn               (no ring)

@: lethally poisoned (0 -> -11), slowed, very slow
A: AC +6, unfitting armour, cold-blooded
a: Renounce Religion, Channel Magic


You were on level 3 of the Dungeon.
You worshipped Sif Muna.
Sif Muna was aware of your devotion.
You visited 1 branch of the dungeon, and saw 3 of its levels.

You collected 113 gold pieces.
You spent 77 gold pieces at shops.

Inventory:

Hand Weapons
 a - a +0 flail
 h - a +3 vampiric short sword (weapon)
Armour
 b - a +0 buckler (worn)
Jewellery
 d - a ring of protection from fire
Scrolls
 e - 5 scrolls of identify
 i - a scroll of amnesia
 k - a scroll of teleportation {unknown}
Potions
 c - 2 potions of might
 f - a potion of invisibility {unknown}
 g - a potion of magic {unknown}
 j - a potion of mutation {unknown}


   Skills:
 + Level 5.3 Fighting
 - Level 2.9 Maces & Flails
 - Level 3.4 Dodging
 - Level 4.2 Shields
 + Level 2.6 Spellcasting


You had 10 spell levels left.
You didn't know any spells.
Your spell library was empty.

Dungeon Overview and Level Annotations

Branches:
Dungeon (3/15)

Altars:
Cheibriados
Elyvilon
Hepliaklqana
Makhleb
Sif Muna
Uskayaw

Shops:
D:3 ?


Innate Abilities, Weirdness & Mutations

Your plain brown scales are hard. (AC +6)
You cannot fit into any form of body armour.
You are cold-blooded and may be slowed by cold attacks.


Message History

The gnoll misses you. The kobold brigand barely misses you.
The kobold closely misses you. You block the gnoll's attack.
You closely miss the kobold brigand.
The kobold brigand is heavily wounded.
You block the gnoll's attack. You block the kobold brigand's attack.
The kobold closely misses you. The gnoll barely misses you.
The gnoll closely misses you.
The kobold brigand hits you with a +0 dagger.
You miss the kobold brigand.
The kobold brigand is moderately wounded.
The kobold hits you with a +0 club. The gnoll closely misses you.
The gnoll misses you. You block the kobold brigand's attack.
You are too injured to fight recklessly!
You are too injured to fight recklessly!
You are too injured to fight recklessly!
You are too injured to fight recklessly!
You are too injured to fight recklessly!
You are too injured to fight recklessly!
You are too injured to fight recklessly!
You are too injured to fight recklessly!
You are too injured to fight recklessly!
You are too injured to fight recklessly!
You hit the kobold brigand but do no damage.
The kobold brigand is moderately wounded.
The kobold hits you but does no damage. The gnoll closely misses you.
The kobold brigand hits you with a +0 dagger.
The gnoll hits you from afar with a +0 spear.
The kobold closely misses you.
The kobold brigand throws a curare-tipped dart.
The curare-tipped dart hits you.
You are poisoned.
You have difficulty breathing.
* * * LOW HITPOINT WARNING * * *
You feel yourself slow down.
* * * LOW HITPOINT WARNING * * *
You feel very sick. The kobold closely misses you.
The gnoll hits you from afar with a +0 spear.
* * * LOW HITPOINT WARNING * * *
You die...

#####
#...####################
#...#..............#))..
#...#..........)...'.)).
#g##..............#####
#.K....# #####...÷....
#..g...# #........
#..KK..########........
#+##..@.....)(....#####
#.......)((....'.)..
#..............#....
#################### ≈ ≈
≈ ≈ .


You could see a kobold brigand, 2 gnolls and 2 kobolds.

Vanquished Creatures
  A water moccasin (D:3)
  A black bear (D:3)
  A bullfrog zombie (D:3)
  An orc priest (D:3)
  An adder (D:3)
  4 gnolls (D:3)
  A worm (D:3)
  3 dart slugs
  3 orcs (D:3)
  4 bats
  5 endoplasms
  6 goblins
  9 hobgoblins
  4 jackals (D:1)
  4 quokkas
  7 ball pythons
  A frilled lizard (D:2)
  18 kobolds
  3 rats
77 creatures vanquished.

Notes
Turn   | Place    | Note
-------+----------+-------------------------------------------
     0 | D:1      | ZappyNine the Draconian Fighter began the quest for the
                  | Orb.
     0 | D:1      | Reached XP level 1. HP: 19/19 MP: 1/1
    78 | D:1      | Reached XP level 2. HP: 21/26 MP: 2/2
   656 | D:1      | Found a faded altar of an unknown god.
  1063 | D:2      | Reached XP level 3. HP: 33/33 MP: 3/3
  1221 | D:2      | Found a burning altar of Makhleb.
  1789 | D:3      | Reached skill level 4 in Fighting
  1867 | D:3      | Found a hazy altar of Hepliaklqana.
  1868 | D:3      | Found a snail-covered altar of Cheibriados.
  1868 | D:3      | Found a hide-covered altar of Uskayaw.
  1869 | D:3      | Found a white marble altar of Elyvilon.
  1869 | D:3      | Found a shimmering blue altar of Sif Muna.
  2098 | D:3      | Reached XP level 4. HP: 40/40 MP: 4/4
  2205 | D:3      | Became a worshipper of Sif Muna the Loreminder
  2336 | D:3      | Found Emauti's Magic Scroll Emporium.
  2347 | D:3      | Bought a scroll of identify for 28 gold pieces
  2347 | D:3      | Bought a scroll of amnesia for 49 gold pieces
  2358 | D:3      | Noticed a black bear
  2364 | D:3      | Killed a black bear
  2365 | D:3      | Reached skill level 1 in Spellcasting
  2365 | D:3      | Reached XP level 5. HP: 47/47 MP: 4/7
  2619 | D:3      | Noticed a water moccasin
  2631 | D:3      | Killed a water moccasin
  2632 | D:3      | Reached skill level 5 in Fighting
  2632 | D:3      | Reached XP level 6. HP: 22/56 MP: 7/9
  3128 | D:3      | Reached * piety under Sif Muna
  3169 | D:3      | Succumbed to a kobold brigand's curare-tipped dart

Illustrated notes

Levels and vault maps discovered:
D:1:      roderic_chinese_lattice_arrival, layout_loops_ring,
          hellmonk_ecumenical_altar_leap_of_faith
D:2:      layout_loops_ring, basic_altar, minmay_tromino_i4
D:3:      minmay_goblin_kobold_castle, layout_basic, grunt_temple_overflow_open,
          serial_shops, shop, hex_intersection

Skill      XL: |  1  2  3  4  5 |
---------------+----------------+-----
Dodging        | 3 |  3.4
Fighting       | 4 5 |  5.3
Spellcasting   | 1 2 |  2.6
Shields        | 4 |  4.2
Maces & Flails | |  2.9

Action                   |  1- 3 |  4- 6 || total
-------------------------+-------+-------++-------
Melee: Flail             |   143 |       ||   143
       Tailslap          |     8 |    13 ||    21
       Short sword       |     1 |   117 ||   118
  Use: Potion            |       |     1 ||     1
 Stab: Sleeping          |     2 |       ||     2
Armor: Skin              |    45 |    48 ||    93
Dodge: Dodged            |    96 |   125 ||   221
Block: Buckler           |    42 |    35 ||    77
